Cogmind - Beta 13 X1 @@@ ROGUE MODE // 2023.07.22 @ 01:57:33 Player: Runia Result: Destroyed self with Mini Grenade Launcher Performance ------------- Evolutions (0) 0 Regions Visited (2) 400 Robots Destroyed (30) 150 Value Destroyed (945) 945 Prototype IDs (0) 0 Alien Tech Used (0) 0 Bonus (0) 0 TOTAL SCORE: 1495 Bonus ------- None Cogmind --------- Core Integrity 0/250 Matter 160/300 Energy 100/100 System Corruption 0% Temperature Cool (0) Movement Treading (320) Ox2 Location -10/Subcaves Parts ------- > --- POWER (1) -------- (None) > --- PROPULSION (2) --- Light Treads Wheel > --- UTILITY (2) ------ High-capacity Storage Unit Hardened Light Armor Plating > --- WEAPON (2) ------- Mini Grenade Launcher Hammer > --- INVENTORY (20) --- Light Treads Light Treads Light Treads Light Treads Spiked Treads Subdweller Monowheel Medium Matter Pod (100) Hardened Light Armor Plating Hardened Light Armor Plating Hardened Light Armor Plating Hardened Light Armor Plating Hardened Light Armor Plating Subdweller Beam Cannon Subdweller Beam Cannon Subdweller Beam Cannon Battle Cannon Mini Grenade Launcher Mini Grenade Launcher Peak State ------------ > --- POWER ------------ Ion Engine > --- PROPULSION ------- Light Treads Subdweller Monowheel > --- UTILITY ---------- Large Storage Unit Hardened Light Armor Plating > --- WEAPON ----------- Subdweller Beam Cannon Subdweller Beam Cannon > --- INVENTORY -------- Light Treads Light Treads Light Treads Light Treads Compact Wheel Medium Matter Pod Hardened Light Armor Plating Hardened Light Armor Plating Hardened Light Armor Plating Hardened Light Armor Plating Hardened Light Armor Plating Mini Grenade Launcher Mini Grenade Launcher Mini Grenade Launcher Hammer [Rating: 13] Favorites ----------- Power Ion Engine Engine Ion Engine Propulsion Light Treads Treads Light Treads Leg Aluminum Leg Wheel Wheel Utility Hardened Light Armor Plating Device Improved Heat Sink Storage High-capacity Storage Unit Protection Hardened Light Armor Plating Weapon Subdweller Beam Cannon Energy Gun Medium Laser Energy Cannon Subdweller Beam Cannon Ballistic Gun Assault Rifle Launcher Mini Grenade Launcher Impact Weapon Hammer Build | -11 -10 -10 ------- Run | Jun Mat Sub Slots Evolved . | . . . Power . | . . . Propulsion . | . . . Utility . | . . . Weapon . | . . . Parts Attached 31 | 2 13 16 Power 2 | . 2 . Engine 2 | . 2 . Core . | . . . Reactor . | . . . Propulsion 8 | 2 3 3 Treads 4 | 2 2 . Leg . | . . . Wheel 4 | . 1 3 Hover . | . . . Flight . | . . . Utility 8 | . 4 4 Device 1 | . 1 . Storage 5 | . 2 3 Processor . | . . . Hackware . | . . . Protection 2 | . 1 1 Artifact . | . . . Weapon 13 | . 4 9 Energy Gun . | . . . Energy Cannon 4 | . . 4 Ballistic Gun 1 | . 1 . Ballistic Cannon . | . . . Launcher 4 | . 2 2 Special Weapon . | . . . Impact Weapon 4 | . 1 3 Slashing Weapon . | . . . Piercing Weapon . | . . . Special Melee Weapon . | . . . Unidentified Prototypes . | . . . Parts Lost 3 | . . 3 Power 1 | . . 1 Propulsion 2 | . . 2 Utility . | . . . Weapon . | . . . Highest Loss Streak 2 | . . 2 To Critical Strikes . | . . . Average Slot Usage (%) 97 | . 95 97 Engine 13 | . 14 13 Treads 16 | . 21 14 Wheel 11 | . 5 13 Device 1 | . 4 . Storage 13 | . 14 13 Protection 10 | . 5 13 Energy Gun 1 | . 3 . Energy Cannon 9 | . . 13 Ballistic Gun 7 | . 20 1 Launcher 1 | . 1 2 Impact Weapon 8 | . 3 11 Naked Turns . | . . . Heaviest Build 215 | 14 34 215 Greatest Support 40 | 40 40 20 Greatest Overweight (x) 21 | . 3 21 Average Overweight (x) 2 | . 1 2 Largest Inventory Capacity 35 | 8 15 35 Average Capacity 16 | 8 11 19 Most Carried 19 | 6 15 19 Average Carried 13 | 5 9 15 Final Capacity 20 | 8 15 20 Final Carried 18 | 4 15 18 Class Distribution -------------------- 96% | Mutant 3% | Hauler-Mutant Dominant Class ---------------- Mutant | -10/Materials Mutant | -10/Subcaves Resources | -11 -10 -10 ----------- Run | Jun Mat Sub Matter Collected 1015 | 174 390 451 Remotely . | . . . Salvage Created 874 | . 495 379 Parts 58 | . 37 21 Haulers Intercepted 1 | . 1 . Recyclers Shooed 2 | . 2 . Parts Field Recycled . | . . . Retrieved Matter . | . . . Parts Self-Destructed 3 | . . 3 Prevented . | . . . Kills | -11 -10 -10 ------- Run | Jun Mat Sub Combat Hostiles Destroyed 26 | . 13 13 Guns 10 | . 10 . Cannons 2 | . . 2 AOE 14 | . 3 11 Classes Destroyed 8 | . 6 2 Worker 2 | . 2 . Builder 1 | . 1 . Hauler 1 | . 1 . Swarmer 3 | . 3 . Grunt 11 | . 7 4 Artisan 1 | . . 1 Cobbler 1 | . . 1 Subdweller 12 | . 3 9 Best Kill Streak 5 | . 4 5 Combat Bots Only 5 | . 4 5 Max Kills in Single Turn 2 | . 2 1 Gunslinging . | . . . Exploded 1 | . 1 1 Melee . | . . . Uniques/NPCs Destroyed . | . . . Combat | -11 -10 -10 -------- Run | Jun Mat Sub Damage Taken 1206 | . 539 667 Core 260 | . 32 228 Absorbed by Shields . | . . . Regen/Repaired (Parts) 198 | . 198 . Core Remaining (%) 100 | 100 . . Volleys Fired 96 | . 49 47 Largest 2 | . 2 2 Hottest 160 | . 70 160 Shots Fired 151 | . 95 56 Gun 92 | . 92 . Cannon 25 | . . 25 Launcher 34 | . 3 31 Special . | . . . Kinetic 65 | . 65 . Thermal 52 | . 27 25 Explosive 34 | . 3 31 Electromagnetic . | . . . Robot Hit Streak 12 | . 7 12 Robot Miss Streak 4 | . 4 1 Penetration Max . | . . . Secondary Targets . | . . . Shots Hit Robots 83 | . 58 25 Core Hits 49 | . 25 24 Critical Kills . | . . . Critical Parts Destroyed . | . . . Critical Strikes 1 | . 1 . Burn 1 | . 1 . Melee Attacks 44 | . 3 41 Impact 44 | . 3 41 Slashing . | . . . Piercing . | . . . Sneak Attacks 3 | . 2 1 Combat Hostiles . | . . . Follow-up Attacks . | . . . Damage Inflicted 3208 | . 1072 2136 Guns 700 | . 700 . Cannons 385 | . . 385 Explosions 1963 | . 265 1698 Melee 160 | . 107 53 Ramming . | . . . Kinetic 462 | . 462 . Thermal 623 | . 238 385 Explosive 1963 | . 265 1698 Electromagnetic . | . . . Impact 160 | . 107 53 Slashing . | . . . Piercing . | . . . Highest Corruption . | . . . Average Corruption . | . . . Corruption Purged . | . . . Corruption Blocked . | . . . Overload Shots . | . . . Overflow Damage 62 | . 49 13 Projectiles . | . . . Explosions . | . . . Melee 62 | . 49 13 Knockbacks . | . . . Impact . | . . . Kinetic . | . . . Secondary . | . . . Self-Inflicted Damage 90 | . . 90 Shots 3 | . . 3 Rammed . | . . . Targets Rammed . | . . . Kicked . | . . . Crushed . | . . . Highest Temperature 324 | . 258 324 Average Temperature 94 | . 92 96 Received Heat Transfer 342 | . 282 60 Siege Activations . | . . . Robots Corrupted . | . . . Combat Hostiles . | . . . Parts Fried 4 | . 3 1 Impact Corruptions 3 | . 2 1 Robots Melted . | . . . Combat Hostiles . | . . . Parts Melted 1 | . . 1 Heat Transferred 1295 | . 777 518 Parts Sabotaged . | . . . Parts Stolen . | . . . Parts Stripped . | . . . Power Chain Reactions . | . . . Missiles Intercepted . | . . . Alert | -11 -10 -10 ------- Run | Jun Mat Sub Peak Influence 286 | . 286 . Initial . | . . . Average 124 | . 125 . Maximum Alert Level 1 | . 1 . Low Security (%) 86 | 100 86 . Level 1 13 | . 13 . Level 2 . | . . . Level 3 . | . . . Level 4 . | . . . Level 5 . | . . . High Security . | . . . Max Security . | . . . Squads Dispatched 3 | . 3 . Investigation 1 | . 1 . Extermination . | . . . Reinforcement 2 | . 2 . Assault . | . . . Garrison . | . . . Intercept . | . . . Searches Triggered . | . . . Construction Impeded . | . . . Haulers Reinforced . | . . . Active Scanning Responses . | . . . Cargo Convoy Interrupts . | . . . Stealth | -11 -10 -10 --------- Run | Jun Mat Sub Distress Signals 3 | . 3 . Communications Jammed . | . . . Distress Signals . | . . . Times Spotted 36 | . 24 12 Peak Tracking Total 5 | . 5 3 Tactical Retreats . | . . . Traps | -11 -10 -10 ------- Run | Jun Mat Sub Traps Triggered 2 | . 2 . Indirectly . | . . . Trap Hack Attempts . | . . . Triggered . | . . . Disarmed . | . . . Reprogrammed . | . . . Reused . | . . . Traps Extracted . | . . . Installed . | . . . Triggered . | . . . Machines | -11 -10 -10 ---------- Run | Jun Mat Sub Machines Disabled . | . . . Max in Single Turn . | . . . Machines Repaired . | . . . Machines Sabotaged . | . . . Overloaded Fab Kills . | . . . Hacking | -11 -10 -10 --------- Run | Jun Mat Sub Machines Accessed 4 | . 3 1 Terminals 2 | . 2 . Fabricators . | . . . Repair Stations 1 | . 1 . Recycling Units . | . . . Scanalyzers . | . . . Garrison Access . | . . . Total Hacks 14 | . 11 3 Successful 12 | . 9 3 Failed 2 | . 2 . Catastrophic . | . . . Database Lockouts . | . . . Manual 3 | . 3 . Terminals 5 | . 5 . Fabricators . | . . . Repair Stations 6 | . 6 . Recycling Units . | . . . Scanalyzers . | . . . Garrison Access . | . . . Terminal Hacks 7 | . 4 3 Record 3 | . . 3 Part Schematic 2 | . 2 . Zone Layout 2 | . 2 . Fabricator Hacks . | . . . Repair Station Hacks 5 | . 5 . Scan Component 3 | . 3 . Repair 2 | . 2 . Recycling Unit Hacks . | . . . Scanalyzer . | . . . Garrison Access Hacks . | . . . Unauthorized Hacks . | . . . Terminals . | . . . Fabricators . | . . . Repair Stations . | . . . Recycling Units . | . . . Scanalyzers . | . . . Garrison Access . | . . . Data Cores Recovered . | . . . Used . | . . . Hacking Detections 3 | . 3 . Full Trace Events . | . . . Feedback Events . | . . . Feedback Blocked . | . . . Robot Schematics Acquired . | . . . Robots Built . | . . . Authchips . | . . . Time . | . . . Total Robot Build Rating . | . . . Part Schematics Acquired 2 | . 2 . Parts Built . | . . . Authchips . | . . . Time . | . . . Total Part Build Rating . | . . . Parts Repaired 2 | . 2 . Time 52 | . 52 . Parts Recycled . | . . . Recycled Matter . | . . . Retrieved Matter . | . . . Retrieved Components . | . . . Parts Scanalyzed . | . . . Part Schematics Acquired . | . . . Parts Damaged . | . . . Bothacking | -11 -10 -10 ------------ Run | Jun Mat Sub Used RIF Installer . | . . . Robots Hacked . | . . . Non-combat . | . . . Combat . | . . . Robot Hacks Applied . | . . . Relay Couplers Released . | . . . Fabnet Peak Effective % . | . . . Robots Rewired . | . . . Allies Hacked . | . . . Hacks Repelled . | . . . Allies | -11 -10 -10 -------- Run | Jun Mat Sub Total Allies . | . . . Largest Group . | . . . Highest-Rated Group . | . . . Highest-Rated Ally . | . . . Total Orders . | . . . Ally Attacks . | . . . Total Damage . | . . . Kills . | . . . Allies Corrupted . | . . . Allies Melted . | . . . Intel | -11 -10 -10 ------- Run | Jun Mat Sub Robot Analysis Total . | . . . Derelict Logs Recovered . | . . . Drone Launches . | . . . Drone Recoveries . | . . . Exploration | -11 -10 -10 ------------- Run | Jun Mat Sub Turns Passed 3369 | 4 1038 2327 Spaces Moved 2053 | 1 541 1511 Core . | . . . Treads 251 | 1 248 2 Legs . | . . . Wheels 1802 | . 293 1509 Hover . | . . . Flight . | . . . Fastest Speed 95 | 160 110 95 Average Speed 137 | 160 140 135 Slowest Speed 395 | 160 160 395 Overloaded Moves . | . . . Propulsion Burnouts . | . . . Robots Hopped . | . . . Cave-ins Triggered . | . . . Exploration Rate (%) 47 | 2 86 54 Regions Visited 2 Branch Regions 1 Pre-discovered Areas 1 | . . 1 Known Exits Taken . | . . . Unknown Exits Taken 2 | 1 1 . Scrap Searched 6 | . . 6 Spaces Dug 41 | . 6 35 Terrain Destroyed 219 | . 19 200 Melee 17 | . . 17 Projectile 7 | . . 7 AOE 195 | . 19 176 Terrain Rammed . | . . . Walls Destroyed . | . . . Machines Disabled . | . . . Actions | -11 -10 -10 --------- Run | Jun Mat Sub Total 2378 | 4 718 1656 Wait 92 | . 86 6 Move 2051 | . 540 1511 Hop . | . . . Pick Up 45 | . 17 28 Fast Attach 10 | . 5 5 Attach 4 | 2 1 1 Detach . | . . . Swap 17 | . 7 10 Drop 19 | 2 10 7 Fire 96 | . 49 47 Melee 44 | . 3 41 Ram . | . . . Kick . | . . . Crush . | . . . Escape Stasis . | . . . Rewire . | . . . Trap . | . . . Miscellaneous . | . . . Route ------- -11/Junkyard -10/Materials (discovered 3 exits: [*Mat] / [*Min] / *Sub) -10/Subcaves (discovered 1 exit: [*Mat]) History --------- Turn | Location | Event 5 | -11/Junkyard | Discovered new exit (range 0) 5 | -11/Junkyard | Entered Materials 317 | -10/Materials | Build established: Mutant 412 | -10/Materials | Repaired Lgt. Treads 440 | -10/Materials | Repaired Lgt. Treads 888 | -10/Materials | Discovered new exit (range 11) 928 | -10/Materials | Discovered new exit (range 15) 954 | -10/Materials | Discovered new exit (range 10) 1000 | -10/Materials | Derelicts attacked the area 1043 | -10/Materials | Entered Subcaves 1088 | -10/Subcaves | Discovered new exit (range 3) 1095 | -10/Subcaves | Shifting Twisted Machinery released Shrapnel Trap 1103 | -10/Subcaves | Shifting Twisted Machinery released Humpback 1143 | -10/Subcaves | Shifting Twisted Machinery released Sub. Optics 1228 | -10/Subcaves | Learned location of Zion (-6) 1228 | -10/Subcaves | Met a Zionite searching for "candidates" 1576 | -10/Subcaves | A swath of the cavern ceiling suddenly collapsed 1893 | -10/Subcaves | Ambushed by angry Subdweller bent on revenge 1905 | -10/Subcaves | Core integrity fell below 50% 2820 | -10/Subcaves | Visited Clippyterm 2824 | -10/Subcaves | Learned Factory emergency access door positions 3205 | -10/Subcaves | Ambushed by Subdweller buried in earth 3211 | -10/Subcaves | Ambushed by Subdweller buried in earth 3213 | -10/Subcaves | Ambushed by Subdweller buried in earth 3215 | -10/Subcaves | Core integrity fell below 20% 3244 | -10/Subcaves | A swath of the cavern ceiling suddenly collapsed 3370 | -10/Subcaves | Destroyed self with Mini Grenade Launcher Last Messages --------------- 03167_ Acquired Sub. Monowheel. 03171_ Acquired Sub. Beam Cannon. 03185_ The unstable cave ceiling collapses. 03206_ VU-6JN(R): "SLEEPOVER!" 03209_ 4G-QTY(R) destroyed. 03212_ FI-6M5(R): "ARGHSUB!" 03213_ FI-6M5(R) destroyed. 03214_ 62-DYH(R): "THANKSYOU!" 03215_ Destroyed Scrap Shield. 03215_ VU-6JN(R) destroyed. 03217_ IR-H60(R) destroyed. 03218_ The unstable cave ceiling collapses. 03220_ Ion Engine destroyed. 03222_ The unstable cave ceiling collapses. 03225_ Destroyed Scrap Shield. 03226_ Com. Wheel destroyed. 03227_ 62-DYH(R) destroyed. 03228_ The unstable cave ceiling collapses. A swath of the cavern ceiling suddenly collapses. 03370_ The unstable cave ceiling collapses. Map ----- +----------------------------------------------------+ | ?????????????????????????????????????????????????? | | ?????????????????????????????????????????????????? | | ?????????????????????????????????????????????????? | | ?????????????????????????????????????????????????? | | ?????????????????????????????????????????????????? | | ?????????????????????????????????????????????????? | | ?????????????????????????????????????????????????? | | ?????????????????????????????????????????????????? | | ?????????????????????????????????????????????????? | | ?????????????????????????????????????????????????? | | ?????????????????????????????????????????????????? | | ?????????????????????????????????????????????????? | | ?????????????????????????????????????????????????? | | ?????????????????????????????????????????????????? | | ?????????????????????????????????????????????????? | | ?????????????????????????????????????????????????? | | ?????????????????????????????????????????????????? | | ?????????????????????????????????????????????????? | | ?????????????????????????????????????????????????? | | ?????????????????????????????????????????????????? | | ?????????????????????????????????????????????????? | | ???????????????????????????????????? #???????????? | | ??????????????????????????####??# ##??????????? | | ?????????????????######### # #??????????? | | ??????????????#### ## # #?????????? | | ???????????#### # @ #????????? | | ???????????# # # ## #???????? | | ??????????### # # ## #### ##???????? | | ??????????# # #######???? ## ## ##????????? | | ?#####??### ####??????????##??#?????# $ #????????? | | ?# #??# #????????????????????????? #????????? | | ?# #?## #???????????????????????????????????? | | ?# #?# ##???????????????????????????????????? | | ?## #?## ##????????????????????????????????????? | | ??# #?## ##????????????????????????????????????? | | ?## ### #????????????????????????????????????? | | ?# ## ##????????????????????????????????????? | | ?## ### #?????????????????????????????????????? | | ####"##### #?????????????????????????????????????? | | ""# #""""##????????????????????????????????????? | | "" "#"#"""##???????????????????????????????????? | | "#""# #"##"##???????????????????????????????????? | | #####"#"##"## #??????????????????????????????????? | | #???######## #??????????????????????????????????? | | ?????? #????????????????????????????????????????? | | ??????? #????????????????????????????????????????? | | #???? ????????????????????????????????????????? | | #???? ???????????????????????????????????????? | | #??????????????????????????????????????? | | #??????????????????????????????????????? | +----------------------------------------------------+ Best States ------------- Heat Dissipation 39 Energy Generation 10 Energy Capacity 250 Matter Stores 300 Matter Capacity 300 Sight Range 16 Terrain Scan Density 10 Armor Coverage 150 Evasion (%) 41 Recoil Reduction 2 Item Schematics ----------------- Huge Storage Unit | -10/Materials | Hacked Hcp. Storage Unit | -10/Materials | Hacked Robot Schematics ------------------ None Fabricated ------------ Nothing Alien Tech Used ----------------- None Achievements -------------- None Challenges ------------ None Game ------ Seed EnhancedThunderInitializer Manual? 0 Play Time 00:18:58 Cumulative 812.2 hours Start 2023.07.22 @ 01:40:23 End 2023.07.22 @ 01:57:33 Sessions 1 Manual Loads 0 Difficulty Rogue Special Mode None Game No. 705 Rogue 705 Adventurer 0 Explorer 0 Win Type - Total 39 Types 14/7/7/1/1/1/6/1/1 Lore% 93 Gallery% 96 Achievement% 82 Wizard Run 0 Options --------- ASCII 0 Keyboard 0 Movement Mouse Keybinds 1 Fullscreen 2 Font 24/Smallcaps Map View 76x50 Tactical HUD 1 Map Filters NONE Filters NONE Steam 1 RUN: d79392bf-15d7-4201-98c1-414f446bb6ea